[Event "*** Titled Tuesday Blitz"]
[Site "Chess.com"]
[Date "2021.04.20"]
[Round "7"]
[White "Ladislav1969"]
[Black "LifeIsAllAboutChess23"]
[Result "1-0"]
[WhiteElo "2321"]
[BlackElo "2144"]
[TimeControl "180+1"]
[EndTime "11:15:06 PDT"]
[Termination "Ladislav1969 won by checkmate"]

1. e4 g6 2. d4 Bg7 3. c3 d6 4. f4 Nf6 5. Bd3 Nc6 6. e5 dxe5 7. fxe5 Nd5 8. Nf3 O-O 9. O-O Nb6 10. Nbd2 Bg4 11.
h3 Be6 12. Ne4 h6 13. Nc5 Bc8 14. e6 f5 15. Bf4 Nxd4 16. cxd4 Bxd4+ 17. Kh1 Bxc5 18. Bxh6 Re8 19. Ne5 Kh7 20. Rxf5 Bxe6 21. Rg5 Bf5 22. Rxf5 gxf5 23. Bxf5+ Kxh6 24. Nf7+ Kg7 25. Nxd8 Raxd8 26. Qg4+ Kf6 27. Qg6+ Ke5 28. Qe6+ Kf4 29. Rf1+ Kg3 30. Qg6+ Kh4 31. Qg4# 1-0

[Event "*** Titled Tuesday Blitz"]
[Site "Chess.com"]
[Date "2021.04.20"]
[Round "7"]
[White "quizden37"]
[Black "Sashadav97"]
[Result "0-1"]
[WhiteElo "2783"]
[BlackElo "2633"]
[TimeControl "180+1"]
[EndTime "11:15:09 PDT"]
[Termination "Sashadav97 won by resignation"]

1. e4 c5 2. Nf3 e6 3. d4 cxd4 4. c3 Nf6 5. e5 Nd5 6. Bc4 d6 7. Bxd5 exd5 8. exd6 Bxd6 9. Qxd4 O-O 10. O-O Nc6 11. Qd1 Bg4 12. h3 Bh5 13. Nbd2 Re8 14. Qb3 Qd7 15. Kh1 Bc5 16. Qb5 Bb6 17. a4 Rab8 18.
a5 Bc7 19. c4 Bxf3 20. Nxf3 d4 21. Bd2 a6 22. Qd5 Rbd8 23. Qxd7 Rxd7 24. b4 f6 25. b5 Ne5 26. Nxe5 Rxe5 27. Rfe1 d3 28. f4 Rxe1+ 29. Rxe1 Kf7 30. Kg1 Rd4 31. bxa6 bxa6 32. Rd1 Rxc4 33. Rb1 Rc2 34. Be3 Bxa5 35. Ra1 Bc3 36.
Rxa6 d2 37. Ra7+ Kg6 0-1

[Event "*** Titled Tuesday Blitz"]
[Site "Chess.com"]
[Date "2021.04.20"]
[Round "7"]
[White "kleopl"]
[Black "bilelou"]
[Result "0-1"]
[WhiteElo "2497"]
[BlackElo "2625"]
[TimeControl "180+1"]
[EndTime "11:15:12 PDT"]
[Termination "bilelou won by resignation"]

1. c4 e5 2. Nc3 Nf6 3. Nf3 Nc6 4. e4 g6 5. d4 exd4 6. Nxd4 Bg7 7.
Nxc6 bxc6 8. Bd3 O-O 9. O-O d6 10. h3 Be6 11. Rb1 Nd7 12. Qc2 Nc5 13. b3 a5 14. Be3 Qh4 15. Rbd1 Rfe8 16. Ne2 Bc8 17.
f3 a4 18. b4 Nxd3 19. Rxd3 f5 20. Bd4 fxe4 21. fxe4 Bh6 22. Nc3 Be6 23. c5 Bc4 24.
Bf6 Bg5 25. Bxg5 Qxg5 26. cxd6 cxd6 27. Rxd6 Bxf1 28. Kxf1 Qf4+ 0-1

[Event "*** Titled Tuesday Blitz"]
[Site "Chess.com"]
[Date "2021.04.20"]
[Round "7"]
[White "suneebaker"]
[Black "energie73"]
[Result "0-1"]
[WhiteElo "2198"]
[BlackElo "2342"]
[TimeControl "180+1"]
[EndTime "11:15:13 PDT"]
[Termination "energie73 won on time"]

1. e4 e6 2. Nf3 d5 3. Nc3 Nf6 4. e5 Nfd7 5. d4 a6 6. Bf4 c5 7.
dxc5 Nc6 8. Bd3 Nxc5 9. O-O Be7 10. Bg3 h5 11. h3 g5 12. Ne2 b5 13. Ned4 Bb7 14. Nxc6 Bxc6 15. Nd4 Bb7 16. f4 h4 17. Bh2 gxf4 18. Bxf4 Rg8 19. Qf3 Qb6 20. Kh1 O-O-O 21. c3 Ne4 22. a4 Bc5 23. axb5 Bxd4 24. cxd4 Qxd4 25. bxa6 Ba8 26. Rac1+ Kb8 27. Be3 Qa4 28. b3 Qd7 29. Bxe4 dxe4 30. Qe2 Qd3 31. Qf2 Bd5 32. Bc5 Rg3 33. Bd6+ Ka8 34. Kh2 e3 0-1

[Event "*** Titled Tuesday Blitz"]
[Site "Chess.com"]
[Date "2021.04.20"]
[Round "7"]
[White "losersgame"]
[Black "kubal123"]
[Result "0-1"]
[WhiteElo "2336"]
[BlackElo "2247"]
[TimeControl "180+1"]
[EndTime "11:15:14 PDT"]
[Termination "kubal123 won by resignation"]

1. d4 e6 2. e4 d5 3. Nd2 dxe4 4. Nxe4 Nd7 5. Nf3 Ngf6 6. Bd3 Be7 7.
Qe2 O-O 8. Bd2 b6 9. O-O-O Bb7 10. Rhg1 c5 11. g4 Rc8 12. Nxf6+ Nxf6 13. g5 Nd5 14. h4 Qc7 15. dxc5 Nf4 16. Qe3 Nxd3+ 17. Qxd3 Rfd8 18. Qc3 Qxc5 19. Qxc5 Bxc5 20. Ne5 Be4 21. Bc3 Bf5 22. Rxd8+ Rxd8 23. Rf1 Rd5 24. f4 Be3+ 25. Kb1 Bxf4 26. Nd3 Rxd3 0-1

[Event "*** Titled Tuesday Blitz"]
[Site "Chess.com"]
[Date "2021.04.20"]
[Round "7"]
[White "GoValya"]
[Black "Diaschess88"]
[Result "0-1"]
[WhiteElo "2311"]
[BlackElo "2499"]
[TimeControl "180+1"]
[EndTime "11:15:18 PDT"]
[Termination "Diaschess88 won by resignation"]

1. d4 d5 2. g3 c6 3. Bg2 Nf6 4. c4 Bf5 5. Nc3 e6 6. Nf3 Nbd7 7. O-O Be7 8. Nd2 O-O 9. e4 dxe4 10. Ndxe4 Nxe4 11.
Nxe4 Nf6 12. Nc3 Qa5 13. a3 Rad8 14. b4 Bxb4 15. axb4 Qxa1 16. Qb3 Qa6 17. Na4 b5 18. Nc5 bxc4 19. Qb2 Qb5 20. Bg5 a5 21. Bxf6 gxf6 22. g4 Bg6 23. d5 axb4 24. Ne4 Bxe4 25. Bxe4 cxd5 26. Bb1 d4 27. Qe2 d3 28. Qe4 c3 29. f4 c2 30. Ba2 Qc5+ 31. Kh1 c1=Q 0-1

[Event "*** Titled Tuesday Blitz"]
[Site "Chess.com"]
[Date "2021.04.20"]
[Round "7"]
[White "Sanan_Sjugirov"]
[Black "Murad_Ibrahimli"]
[Result "1/2-1/2"]
[WhiteElo "2914"]
[BlackElo "2750"]
[TimeControl "180+1"]
[EndTime "11:15:23 PDT"]
[Termination "Game drawn by repetition"]

1. d4 Nf6 2. c4 e6 3. Nf3 Bb4+ 4. Bd2 Qe7 5. g3 Nc6 6. Nc3 O-O 7.
Bg2 d5 8. cxd5 exd5 9. O-O Bf5 10. Bg5 Bxc3 11. bxc3 Be4 12. Nd2 Bxg2 13. Kxg2 h6 14. Bxf6 Qxf6 15. e3 Na5 16. Qa4 b6 17. c4 dxc4 18.
Nxc4 Nxc4 19. Qxc4 c5 20. d5 Rfe8 21. e4 b5 22.
Qxb5 Rxe4 23. Qxc5 Qe5 24. Rad1 h5 25. Qc6 Rd8 26. Rd3 Rd4 27. Rxd4 Qxd4 28. Re1 Qxd5+ 29. Qxd5 Rxd5 30. Re8+ Kh7 31. Re7 Ra5 32. Rxf7 Rxa2 33. h4 a5 34. Ra7 a4 35. Ra5 Kh6 36. Ra6+ Kh7 37. Ra5 Kh6 38. Ra6+ Kh7 39. Ra5 1/2-1/2

[Event "*** Titled Tuesday Blitz"]
[Site "Chess.com"]
[Date "2021.04.20"]
[Round "7"]
[White "lider34"]
[Black "Matols"]
[Result "0-1"]
[WhiteElo "2423"]
[BlackElo "2273"]
[TimeControl "180+1"]
[EndTime "11:15:23 PDT"]
[Termination "Matols won by resignation"]

1. e4 e6 2. d3 d5 3. Nd2 c5 4.
Ngf3 Nf6 5. g3 g6 6. Bg2 Bg7 7.
exd5 Nxd5 8. Nb3 Nd7 9. O-O O-O 10. c4 Nb4 11. Be3 Qc7 12. a3 Nc6 13. Nxc5 Bxb2 14. Ra2 Bg7 15. Nb3 Rd8 16. Qe2 e5 17. Ng5 Nf8 18.
Rb1 h6 19. Ne4 Ne6 20. Nec5 Ned4 21. Nxd4 Nxd4 22. Bxd4 Rxd4 23. Nxb7 Rb8 24. Rab2 e4 25. Bxe4 Rxe4 26. Qxe4 Bxb2 27. Qe8+ Kg7 28. Nd8 Bf5 0-1

[Event "*** Titled Tuesday Blitz"]
[Site "Chess.com"]
[Date "2021.04.20"]
[Round "7"]
[White "DKmirl"]
[Black "CraiggoryC"]
[Result "1-0"]
[WhiteElo "1892"]
[BlackElo "2181"]
[TimeControl "180+1"]
[EndTime "11:15:23 PDT"]
[Termination "DKmirl won by resignation"]

1. d4 Nf6 2. c4 g6 3. Nf3 Bg7 4. g3 O-O 5. Bg2 c5 6. O-O Nc6 7. d5 Na5 8. Qc2 d6 9. Nbd2 a6 10. Rb1 Rb8 11. b3 b5 12. Bb2 bxc4 13. bxc4 h5 14.
Bc3 Rxb1 15. Rxb1 h4 16. Nxh4 Nh5 17. Bxg7 Nxg7 18. Qc3 e6 19. dxe6 Bxe6 20. Bd5 Qc7 21. Bxe6 Nxe6 22. Ne4 Nd4 23. Kf1 f5 24. Nxg6 fxe4 25. Nxf8 Kxf8 26. e3 Ne6 27. Qf6+ Qf7 28. Rb8+ 1-0

[Event "*** Titled Tuesday Blitz"]
[Site "Chess.com"]
[Date "2021.04.20"]
[Round "7"]
[White "secretsuperstar7"]
[Black "Nils_03"]
[Result "0-1"]
[WhiteElo "2236"]
[BlackElo "2397"]
[TimeControl "180+1"]
[EndTime "11:15:25 PDT"]
[Termination "Nils_03 won on time"]

1. d4 d5 2. c4 e6 3. Nc3 c6 4.
e3 f5 5. Nf3 Nf6 6. Bd3 Be7 7.
O-O O-O 8. Rb1 Nbd7 9. b4 Ne4 10.
Ne2 Bf6 11. b5 cxb5 12. cxd5 exd5 13. Rxb5 Nb6 14. Ne5 Bd7 15. Nxd7 Qxd7 16. a4 Rac8 17. Ba3 Rfe8 18. Bc5 Nc4 19. Bxc4 dxc4 20. Qc2 b6 21.
Ba3 Kh8 22. Rd1 h6 23. Nc3 Nxc3 24. Qxc3 a6 25. Rxb6 Qxa4 26. Rdb1 Kh7 27. Rxf6 gxf6 28. d5 Rb8 29. Rc1 Kg6 30. Bb2 Rf8 31. h3 Qb3 0-1

[Event "*** Titled Tuesday Blitz"]
[Site "Chess.com"]
[Date "2021.04.20"]
[Round "7"]
[White "anon569"]
[Black "enriquebutti"]
[Result "0-1"]
[WhiteElo "2221"]
[BlackElo "2076"]
[TimeControl "180+1"]
[EndTime "11:15:25 PDT"]
[Termination "enriquebutti won by resignation"]

1. e4 c5 2. Nf3 d6 3. d4 cxd4 4. Nxd4 Nf6 5. Nc3 a6 6. Bg5 e6 7. f4 b5 8. e5 dxe5 9. fxe5 Qc7 10. exf6 Qe5+ 11. Be2 Qxg5 12. Ne4 Qe3 13. Qd3 Qxd3 14. cxd3 gxf6 15. Nxf6+ Ke7 16. Ne4 Bg7 17. Nb3 Nd7 18.
O-O-O Bb7 19. Kb1 Rac8 20. Bf3 Bd5 21. Rc1 Ne5 22. Nbc5 Nxf3 23. gxf3 a5 24. Rc2 Bd4 25. Nb3 Bb6 26. Rhc1 Rxc2 27. Nbc5 0-1

[Event "*** Titled Tuesday Blitz"]
[Site "Chess.com"]
[Date "2021.04.20"]
[Round "7"]
[White "GM_LOADING"]
[Black "dretch"]
[Result "0-1"]
[WhiteElo "2545"]
[BlackElo "2785"]
[TimeControl "180+1"]
[EndTime "11:15:27 PDT"]
[Termination "dretch won by checkmate"]

1. e4 e6 2. d4 d5 3. Nc3 Nf6 4. Bg5 dxe4 5. Nxe4 Be7 6. Bxf6 Bxf6 7. Nf3 Nd7 8. Qd2 O-O 9. O-O-O Be7 10. h4 b6 11.
Bd3 Bb7 12. Neg5 h6 13. Qf4 c5 14. dxc5 Qc8 15. Rh3 Nxc5 16. Rg3 Nxd3+ 17. Rxd3 hxg5 18. hxg5 Bxf3 19. Qxf3 Rd8 20. g6 Bf6 21. gxf7+ Kxf7 22. Qh5+ Ke7 23. Rde3 Qc5 24. Qh7 Qd4 25. b3 Qa1# 0-1

[Event "*** Titled Tuesday Blitz"]
[Site "Chess.com"]
[Date "2021.04.20"]
[Round "7"]
[White "Gusarov91"]
[Black "Ajedrez_con_German"]
[Result "0-1"]
[WhiteElo "2636"]
[BlackElo "2520"]
[TimeControl "180+1"]
[EndTime "11:15:28 PDT"]
[Termination "Ajedrez_con_German won by resignation"]

1. d4 d5 2. Nf3 Nf6 3. c4 c6 4.
Nc3 dxc4 5. a4 e6 6. e3 c5 7.
Bxc4 cxd4 8. exd4 Nc6 9. O-O Be7 10. Bg5 Nb4 11. Re1 O-O 12. Ne5 Bd7 13. Qb3 Bc6 14. Bxf6 gxf6 15. Nxf7 Kxf7 16. Rxe6 Kg7 17. d5 Bd7 18. Re3 Kh8 19. Rae1 Bc5 20. Rg3 Qb6 21. Re2 Rae8 22. Kf1 Rxe2 23. Kxe2 Bxf2 24. a5 Re8+ 25. Kd2 Qd4+ 26. Rd3 Nxd3 27. Bxd3 Bf5 28. Ne2 Qxd3+ 29. Qxd3 Bxd3 30. Kxd3 Re3+ 31. Kd2 Re5 32. Nc3 Be1+ 0-1

[Event "*** Titled Tuesday Blitz"]
[Site "Chess.com"]
[Date "2021.04.20"]
[Round "7"]
[White "MikeSailer"]
[Black "poneis_malditos"]
[Result "0-1"]
[WhiteElo "2169"]
[BlackElo "2267"]
[TimeControl "180+1"]
[EndTime "11:15:31 PDT"]
[Termination "poneis_malditos won by resignation"]

1. d4 Nf6 2. Nf3 e6 3. Bg5 Be7 4. e3 Ne4 5. Bxe7 Qxe7 6. Bd3 d5 7. c3 O-O 8. Nbd2 f5 9. Ne5 Nd7 10.
Ndf3 c5 11. O-O Ndf6 12. Ne1 b6 13. f3 Nd6 14. Qe2 Bb7 15. a4 a6 16. a5 c4 17. Bc2 b5 18. e4 fxe4 19. fxe4 Nfxe4 20. N1f3 Rf6 21. Nd2 Raf8 22. Nxe4 dxe4 23. b3 Bd5 24. b4 Rxf1+ 25. Rxf1 Rxf1+ 26. Qxf1 Qg5 27. h3 Qe3+ 28. Kh1 Qxc3 29. Nd7 Nf5 30. Qf4 Qg3 31. Qb8+ Qxb8 32. Nxb8 Bb7 33. Kg1 Nxd4 34. Bxe4 Bxe4 35. Nxa6 Nc2 36. Kf2 Kf7 37. Ke2 c3 38. Nc5 Bxg2 39.
Nd3 Nd4+ 40. Ke3 Nc6 41. a6 Bxh3 42. a7 Nxa7 0-1

[Event "*** Titled Tuesday Blitz"]
[Site "Chess.com"]
[Date "2021.04.20"]
[Round "7"]
[White "korkmaz16"]
[Black "adnan_nn"]
[Result "0-1"]
[WhiteElo "2453"]
[BlackElo "2651"]
[TimeControl "180+1"]
[EndTime "11:15:32 PDT"]
[Termination "adnan_nn won by resignation"]

1. e4 c5 2. Nc3 Nc6 3. f4 g6 4.
Nf3 Bg7 5. Bb5 Nd4 6. O-O Nxb5 7. Nxb5 d5 8. exd5 a6 9. Nc3 Nf6 10. d4 c4 11. Qe2 b5 12. Re1 O-O 13. Qxe7 Qxe7 14.
Rxe7 b4 15. Na4 Nxd5 16. Re1 Bd7 17. Nc5 Bg4 18. Ne5 Bf5 19. Re2 Rfe8 20. g4 Bxg4 21.
Rg2 Bf5 22. Bd2 Bxc2 23. Bxb4 Nxb4 24. a3 Nd5 25. Rxc2 Nxf4 26. Rxc4 Ne2+ 27. Kf2 Nxd4 28. Rxd4 Rxe5 29. Nd3 Rh5 30. Rd7 Bxb2 31. Nxb2 Rxh2+ 32. Kg3 Rxb2 33. Rf1 Rb3+ 34. Kg4 h5+ 35. Kg5 Rf8 36. Kh6 h4 37. Rf6 h3 38. Rxg6+ Kh8 39. Rg4 h2 40. Rh4 Rg3 41. Rxh2 Rg6+ 42. Kh5 Kg7 43. Rxf7+ Rxf7 0-1

[Event "*** Titled Tuesday Blitz"]
[Site "Chess.com"]
[Date "2021.04.20"]
[Round "7"]
[White "AryanTari"]
[Black "Volodar_Murzin"]
[Result "1-0"]
[WhiteElo "2890"]
[BlackElo "2717"]
[TimeControl "180+1"]
[EndTime "11:15:34 PDT"]
[Termination "AryanTari won on time"]

1. e4 c6 2. Nf3 d5 3. d3 dxe4 4. dxe4 Qxd1+ 5. Kxd1 Nd7 6. a4 e5 7. Nbd2 f6 8. Nb3 Nc5 9. Nfd2 Be6 10. Nxc5 Bxc5 11.
Bc4 Kf7 12. Ke2 Ne7 13. Bxe6+ Kxe6 14. Nc4 Rhd8 15. a5 Rd4 16. Nd2 Rad8 17. f3 a6 18. Nb3 Rc4 19. c3 Ba7 20. Nd2 Rc5 21. c4 Rd4 22. b3 f5 23. Bb2 Ng6 24. g3 Nf8 25. Rhc1 Nd7 26. b4 fxe4 27. fxe4 Rxd2+ 28. Kxd2 1-0

[Event "*** Titled Tuesday Blitz"]
[Site "Chess.com"]
[Date "2021.04.20"]
[Round "7"]
[White "AldokhinIvan"]
[Black "BvsN"]
[Result "1-0"]
[WhiteElo "2525"]
[BlackElo "2363"]
[TimeControl "180+1"]
[EndTime "11:15:34 PDT"]
[Termination "AldokhinIvan won by checkmate"]

1. e4 c5 2. Nf3 e6 3. d4 cxd4 4. Nxd4 a6 5. Nc3 Qc7 6. Bd3 Nf6 7. Qe2 Bd6 8. Bd2 Nc6 9. Nxc6 dxc6 10. O-O-O b5 11. Rhf1 O-O 12. f4 e5 13. f5 Bb7 14. g4 c5 15. g5 Ne8 16. Nd5 Bxd5 17. exd5 c4 18. Be4 b4 19. h4 c3 20. Be3 Qa5 21. Kb1 Nc7 22. f6 Nb5 23. fxg7 Rfc8 24.
Qh5 f5 25. gxf6 Na3+ 26. bxa3 h6 27. f7+ Kxg7 28. Qxh6# 1-0

[Event "*** Titled Tuesday Blitz"]
[Site "Chess.com"]
[Date "2021.04.20"]
[Round "7"]
[White "klimkoj"]
[Black "ViktoriyaTarasova"]
[Result "1-0"]
[WhiteElo "2612"]
[BlackElo "2429"]
[TimeControl "180+1"]
[EndTime "11:15:35 PDT"]
[Termination "klimkoj won by resignation"]

1. e4 e5 2. Nf3 Nc6 3. Bb5 Nf6 4. O-O Nxe4 5. Re1 Nd6 6. Nxe5 Be7 7. Bf1 Nxe5 8. Rxe5 O-O 9. d4 Ne8 10. c3 d5 11. Bd3 c6 12. Re1 Bd6 13. Nd2 Nf6 14. Nf3 h6 15. Ne5 Re8 16. Bf4 Be6 17. Bc2 c5 18.
dxc5 Bxc5 19. Nd3 Bd6 20. Qf3 Ne4 21. Bxd6 Qxd6 22. Qf4 Qb6 23. Rad1 Rad8 24. Bb3 Re7 25. Nb4 Red7 26. Nc2 Nc5 27. Nd4 Rd6 28. Re3 Bc8 29. Rde1 Ne4 30. f3 Rf6 31. Qe5 Nc5 32. Qe7 Nxb3 33.
axb3 Qd6 34. Qxd8+ Qxd8 35. Re8+ Qxe8 36. Rxe8+ Kh7 37. Rxc8 1-0

[Event "*** Titled Tuesday Blitz"]
[Site "Chess.com"]
[Date "2021.04.20"]
[Round "7"]
[White "GadimbayliA"]
[Black "Azerichess"]
[Result "0-1"]
[WhiteElo "2756"]
[BlackElo "2993"]
[TimeControl "180+1"]
[EndTime "11:15:37 PDT"]
[Termination "Azerichess won by resignation"]

1. e4 e5 2. Nf3 Nc6 3. Nc3 Nf6 4. d4 exd4 5. Nxd4 Nxe4 6. Nxc6 Nxc3 7. Nxd8 Nxd1 8.
Nxf7 Kxf7 9. Bc4+ Kf6 10. Kxd1 c6 11. Be3 d5 12. Bb3 Bd6 13. c4 dxc4 14. Bxc4 Be5 15.
Kc2 Bf5+ 16. Bd3 Bxd3+ 17. Kxd3 Rad8+ 18. Kc2 c5 19. Rad1 b6 20. b3 h5 21. h4 Kf5 22. Rd3 Rxd3 23. Kxd3 Re8 24. Rh3 Kg4 25. f3+ Kf5 26. Rh1 Bg3 27. Bg5 Re6 28. Kc4 Re2 29.
a4 Rxg2 30. Rd1 Rc2+ 31. Kb5 Rc3 32. b4 Rb3 33. Bd2 Rd3 34. bxc5 bxc5 35. Kc4 Rd4+ 36. Kxc5 Bf2 37. Kb5 0-1

[Event "*** Titled Tuesday Blitz"]
[Site "Chess.com"]
[Date "2021.04.20"]
[Round "7"]
[White "Pertinhez76"]
[Black "agartha01"]
[Result "0-1"]
[WhiteElo "2076"]
[BlackElo "2539"]
[TimeControl "180+1"]
[EndTime "11:15:40 PDT"]
[Termination "agartha01 won by resignation"]

1. Nf3 Nf6 2. b3 d6 3. Bb2 e5 4. e3 g6 5. d4 e4 6. Nfd2 Bg7 7. c4 O-O 8. Nc3 Qe7 9. h3 Nbd7 10. g3 Re8 11. Bg2 c6 12. Qc2 d5 13. O-O Nf8 14. a4 Be6 15. a5 Qd7 16. Kh2 h5 17.
a6 b6 18. Rfe1 N8h7 19. f4 exf3 20. Bxf3 Ng5 21. Bg2 Bxh3 22. Bh1 Ng4+ 23. Kg1 Nxe3 24. Qd3 Bf5 25. Qe2 Bxd4 26. Nf3 Nxf3+ 27. Qxf3 Nc2+ 28. Kf1 Nxe1 29. Rxe1 Rxe1+ 30. Kxe1 Re8+ 31. Kf1 Qe6 32. Kg2 Qe1 33. Qd1 Qxd1 34. Nxd1 Bxb2 35. Nxb2 Re2+ 36. Kf3 Rxb2 37. Kf4 Rxb3 38. cxd5 cxd5 39. Bxd5 Ra3 40. Bb7 Kg7 41. g4 Bd3 42. g5 Bxa6 43. Bd5 h4 44. Ke5 Ra5 45. Kd6 Rxd5+ 46. Kc7 h3 47.
Kb8 h2 48. Kc7 h1=Q 49. Kb8 Rd8+ 50. Kc7 Qb7+ 51. Kxd8 Qc8+ 52. Ke7 Qc7+ 53. Ke8 0-1

[Event "*** Titled Tuesday Blitz"]
[Site "Chess.com"]
[Date "2021.04.20"]
[Round "7"]
[White "dhaessel"]
[Black "LittleMyMoomin"]
[Result "0-1"]
[WhiteElo "2071"]
[BlackElo "1914"]
[TimeControl "180+1"]
[EndTime "11:15:40 PDT"]
[Termination "LittleMyMoomin won on time"]

1. d4 Nf6 2. c4 e6 3. Nc3 Bb4 4. e3 O-O 5. Bd3 c5 6. Ne2 Nc6 7. O-O Bxc3 8. bxc3 b6 9. e4 d6 10.
f4 Ba6 11. e5 Ne8 12. Be3 Na5 13.
Qa4 Rc8 14. Rac1 d5 15. dxc5 Bxc4 16. Rfd1 Bxd3 17. Rxd3 bxc5 18. Ng3 Nc4 19. Qxa7 Ra8 20. Qxc5 Rxa2 21. Ne4 Qa8 22. Nd2 Nxe3 23. Qxe3 Nc7 24.
Nf3 Nb5 25. Rd2 Ra1 26. Re1 Rc8 27. Rc2 Qa4 0-1

[Event "*** Titled Tuesday Blitz"]
[Site "Chess.com"]
[Date "2021.04.20"]
[Round "7"]
[White "SirStrateg"]
[Black "hansen"]
[Result "0-1"]
[WhiteElo "2619"]
[BlackElo "2814"]
[TimeControl "180+1"]
[EndTime "11:15:45 PDT"]
[Termination "hansen won by resignation"]

1. d4 Nf6 2. Bf4 g6 3. Nc3 d5 4. e3 Bg7 5. Nf3 O-O 6. Be2 c5 7.
Ne5 Nc6 8. h4 cxd4 9. exd4 Qb6 10. Nxc6 bxc6 11. Na4 Qa5+ 12. c3 Nd7 13. O-O e5 14. dxe5 Nxe5 15. Re1 Re8 16. b4 Qd8 17. Bg5 Qd6 18. Nc5 Bf5 19. Qb3 h6 20. Be3 Qf6 21.
h5 gxh5 22. Bxh5 Bg4 23. Bxg4 Nxg4 24. Nd3 Qxc3 25. Rac1 Qxb3 26. axb3 Nxe3 27. fxe3 Re6 28. Rc5 Bf8 29. Ra5 Bd6 30. Kf2 Bc7 31. Ra6 Bb6 32. Rc1 Bxe3+ 0-1

[Event "*** Titled Tuesday Blitz"]
[Site "Chess.com"]
[Date "2021.04.20"]
[Round "7"]
[White "Zmof"]
[Black "Valeron87"]
[Result "1-0"]
[WhiteElo "2248"]
[BlackElo "2372"]
[TimeControl "180+1"]
[EndTime "11:15:45 PDT"]
[Termination "Zmof won on time"]

1. e4 c5 2. Nf3 Nc6 3. Bb5 e6 4. Bxc6 bxc6 5. O-O Qc7 6. Re1 e5 7. c3 d6 8. d4 cxd4 9. cxd4 Nf6 10. Nc3 Be7 11. Bg5 O-O 12. Rc1 Bg4 13. Bxf6 Bxf6 14. Nd5 Qd8 15. Nxf6+ Qxf6 16. dxe5 dxe5 17. h3 Bxf3 18.
Qxf3 Qxf3 19. gxf3 Rab8 20. b3 Rb6 21. Rc5 f6 22.
Rec1 Rc8 23. Kf1 Kf7 24. Ke2 Ke7 25. Ke3 Kd6 26. f4 exf4+ 27. Kxf4 a6 28. Ke3 Rb5 29. R5c4 Rh5 30. Rh1 a5 31. f4 Re8 32. Kf3 Kc7 33.
Kg4 Rb5 34. Rhc1 Re6 35. Rc5 Kb6 36. Rxb5+ cxb5 37. Kf5 Rd6 38. e5 fxe5 39. fxe5 Rd2 40. e6 1-0

[Event "*** Titled Tuesday Blitz"]
[Site "Chess.com"]
[Date "2021.04.20"]
[Round "7"]
[White "queen_iryna"]
[Black "sara_khm"]
[Result "0-1"]
[WhiteElo "2368"]
[BlackElo "2544"]
[TimeControl "180+1"]
[EndTime "11:15:47 PDT"]
[Termination "sara_khm won by resignation"]

1. e4 e5 2. Nf3 Nc6 3. Bc4 Bc5 4. c3 Nf6 5. d3 d6 6. O-O a6 7. a4 Ba7 8. Re1 Ng4 9. Re2 Qf6 10. Nbd2 Qg6 11. Nf1 Be6 12. Bxe6 fxe6 13. d4 O-O 14. Ng3 exd4 15. cxd4 Kh8 16. h3 Nf6 17. Nh4 Qf7 18. Be3 e5 19. Nf3 exd4 20. Nxd4 Ne5 21. Ndf5 Bxe3 22. Nxe3 Rae8 23. Rc2 Ng6 24. f3 Nf4 25.
Rac1 Qg6 26. Ngf5 Nxh3+ 27. Kh2 Nf4 28. Rxc7 Qh5+ 29. Kg1 g6 30. Ng3 Qg5 31. Ngf1 d5 32. Qd4 Ne2+ 0-1

[Event "*** Titled Tuesday Blitz"]
[Site "Chess.com"]
[Date "2021.04.20"]
[Round "7"]
[White "not_najdorfs_player"]
[Black "Vesper2018"]
[Result "0-1"]
[WhiteElo "2365"]
[BlackElo "2528"]
[TimeControl "180+1"]
[EndTime "11:15:47 PDT"]
[Termination "Vesper2018 won by checkmate"]

1. e4 c5 2. Nf3 d6 3. d4 cxd4 4. Nxd4 Nf6 5. Nc3 a6 6. Be2 e5 7. Nb3 Be7 8. Bg5 Be6 9. Bxf6 Bxf6 10. Qd3 Be7 11. O-O-O O-O 12. Nd5 Bxd5 13. Qxd5 Qc7 14. g3 Nd7 15. f4 Rac8 16. c3 Rfd8 17. Bg4 Nf6 18. Bxc8 Nxd5 19. Rxd5 Rxc8 20. Rhd1 Bf6 21. R1d3 exf4 22. gxf4 Qc4 23. Nd2 Qxa2 24. Rxd6 Qa1+ 25. Nb1 h5 26. e5 Bh4 27. Rd7 b5 28. f5 b4 29.
R7d4 Bg5+ 30. Kc2 Qa4+ 31. b3 Qa2+ 32. Kd1 Qxb1+ 33. Ke2 bxc3 34. f6 c2 35. h4 c1=Q 36. hxg5 Qf1+ 37. Ke3 Qbe1# 0-1

[Event "*** Titled Tuesday Blitz"]
[Site "Chess.com"]
[Date "2021.04.20"]
[Round "7"]
[White "lacafi"]
[Black "Blitzking642"]
[Result "0-1"]
[WhiteElo "2227"]
[BlackElo "2467"]
[TimeControl "180+1"]
[EndTime "11:15:48 PDT"]
[Termination "Blitzking642 won by resignation"]

1. d4 Nf6 2. Nf3 g6 3. c4 c5 4.
e3 Bg7 5. Be2 O-O 6. O-O cxd4 7.
exd4 d5 8. b3 Nc6 9. Bb2 Bf5 10. Na3 Rc8 11. c5 Ne4 12. Rc1 Nb4 13. Nc2 Nxa2 14. Ra1 Nac3 15. Qe1 Nxe2+ 16. Qxe2 Nxc5 17.
Rxa7 Bd3 18. Qe3 Bxc2 19. Ba3 Ne6 20. Rxb7 Re8 21. Ne5 Qa5 22. b4 Qa6 23. Rd7 Ba4 24. b5 Bxb5 25. Rxd5 Bxf1 0-1

[Event "*** Titled Tuesday Blitz"]
[Site "Chess.com"]
[Date "2021.04.20"]
[Round "7"]
[White "AthanasiusLefebvre"]
[Black "NovikovaGalina"]
[Result "0-1"]
[WhiteElo "2043"]
[BlackElo "2310"]
[TimeControl "180+1"]
[EndTime "11:15:48 PDT"]
[Termination "NovikovaGalina won on time"]

1. Nf3 d5 2. d3 c5 3. g3 Nc6 4. Bg2 Bg4 5. O-O Qd7 6. Re1 Bh3 7. Bh1 Nf6 8. c4 e6 9. cxd5 exd5 10.
Nc3 Be7 11. Bf4 O-O 12. e4 d4 13. Nb5 a6 14. Na3 b5 15. Nc2 Bg4 16. Qd2 Rfd8 17. a4 c4 18. axb5 axb5 19. Rxa8 Rxa8 20. dxc4 bxc4 21. Ncxd4 Rd8 22. Nxc6 Qxc6 23. Ne5 Qb5 24. Qc3 Be6 25. Bg2 h6 26. Bf1 Bb4 27. Qe3 Bxe1 28.
Qxe1 Qxb2 29. Nc6 Re8 30. Be5 Qc2 31. Bxf6 gxf6 32. e5 Bg4 0-1

[Event "*** Titled Tuesday Blitz"]
[Site "Chess.com"]
[Date "2021.04.20"]
[Round "7"]
[White "RD4ever"]
[Black "moro182"]
[Result "1-0"]
[WhiteElo "2866"]
[BlackElo "2702"]
[TimeControl "180+1"]
[EndTime "11:15:49 PDT"]
[Termination "RD4ever won by resignation"]

1. e4 e5 2. Nf3 Nc6 3. Nc3 Nf6 4. Bb5 Bd6 5. d3 O-O 6. a3 h6 7. g4 Nd4 8. g5 hxg5 9. Bxg5 Be7 10. Rg1 d5 11.
Nxd4 exd4 12. Bxf6 Bxf6 13. Nxd5 Be5 14. Qh5 Qd6 15. Qg5 g6 16. f4 Bg7 17. Qh4 Rd8 18.
Ne7+ Kf8 19. Nxg6+ fxg6 20. Rxg6 Be6 21. f5 Qe5 22.
fxe6 Rd6 23. e7+ Kf7 24. e8=Q+ Rxe8 25. Bxe8+ Kxe8 26. Rxd6 Qxd6 27. O-O-O Be5 28. Rf1 Kd7 29. Qg4+ Kc6 30. h4 b6 31. h5 Kb7 32. Qg6 Qe7 33.
Kb1 Qh4 34. Qf5 Bd6 35. Qd5+ Ka6 36. e5 Bc5 37. e6 Qh3 38. Rh1 Qg4 39. h6 Bd6 40. h7 c6 41. Qc4+ b5 42. Qxc6+ 1-0

[Event "*** Titled Tuesday Blitz"]
[Site "Chess.com"]
[Date "2021.04.20"]
[Round "7"]
[White "poppy73"]
[Black "JiiHart"]
[Result "1-0"]
[WhiteElo "2201"]
[BlackElo "1992"]
[TimeControl "180+1"]
[EndTime "11:15:49 PDT"]
[Termination "poppy73 won by resignation"]

1. e4 c5 2. Nf3 Nc6 3. d4 cxd4 4.
Nxd4 Nf6 5. Nc3 d6 6. g3 e5 7.
Nde2 h6 8. Bg2 Be6 9. O-O Be7 10. h3 a6 11. a4 Rc8 12. Nd5 Bxd5 13. exd5 Nb8 14.
a5 Qc7 15. c3 Nbd7 16. Be3 O-O 17. b4 Nh7 18. Rc1 f5 19. c4 g5 20. f4 Rf7 21. fxe5 Nxe5 22. c5 Rd8 23. c6 bxc6 24. Bb6 Qc8 25. Bxd8 Qxd8 26. dxc6 Nf6 27. c7 Qc8 28. Bb7 Qxb7 29. c8=Q+ Qxc8 30. Rxc8+ Kg7 31. Nd4 Ne4 32. Nxf5+ Rxf5 33. Rxf5 d5 34. Rxe5 Bf6 35.
Rxe4 1-0